 Dungeon Crawl Stone Soup version 0.28.0-53-g5a82cb258f (console) character file.

Game seed: 2011608590629624366

7514 erker the Transmogrifier (level 11, -16/64 HPs)
             Began as an Octopode Earth Elementalist on July 18, 2022.
             Was a Believer of Sif Muna.
             Demolished by a two-headed ogre
             ... wielding a +0 giant club
              (21 damage)
             ... on level 10 of the Dungeon.
             The game lasted 01:12:01 (14897 turns).

erker the Transmogrifier (OpEE)                    Turns: 14897, Time: 01:12:01

Health: -16/64     AC:  1    Str:  8    XL:     11   Next: 16%
Magic:  11/17      EV: 13    Int: 22    God:    Sif Muna [**....]
Gold:   484        SH:  0    Dex: 12    Spells: 12/19 levels left

rFire   . . .      SeeInvis +   a - +6 dagger (venom)
rCold   . . .      Faith    .   (no shield)
rNeg    . . .      Spirit   .   (helmet restricted)
rPois   +          Reflect  .   (no amulet)
rElec   .          Harm     .   d - ring of wizardry
rCorr   +          Rampage  .   u - ring of poison resistance
Will    .....                   v - ring of resist corrosion
Stlth   ++++......              L - ring of see invisible
HPRegen 0.20/turn               (no ring)
MPRegen 0.15/turn               (no ring)
                                (no ring)
                                (no ring)

@: no status effects
A: almost no armour, amphibious, 8 rings, camouflage 1, gelatinous body 1,
(nimble swimmer 1), tentacles
a: Renounce Religion, Channel Magic


You were on level 10 of the Dungeon.
You worshipped Sif Muna.
Sif Muna was pleased with you.
You visited 2 branches of the dungeon, and saw 11 of its levels.
You also visited: Bailey.

You collected 484 gold pieces.

Inventory:

Hand Weapons
 a - a +6 dagger of venom (weapon)
 b - the +10 spear "Zeoxacveg" {vorpal, rPois rF+}
   (You found it on level 3 of the Dungeon)

   It inflicts extra damage upon your enemies.
   rF:        It protects you from fire.
   rPois:     It protects you from poison.
 k - a +2 hunting sling of flaming
 G - a +1 trident of freezing
 H - a +0 rapier
Missiles
 c - 4 atropa-tipped darts
 h - 242 stones
 r - 30 poisoned darts (quivered)
 s - a curare-tipped dart
 C - 6 silver javelins
 D - 53 sling bullets
Magical Staves
 o - a staff of cold
Jewellery
 d - a ring of wizardry (left tentacle)
 u - a ring of poison resistance (right tentacle)
 v - a ring of resist corrosion (on tentacle)
 L - a ring of see invisible (on tentacle)
Wands
 n - a wand of polymorph (13)
 t - a wand of charming (7)
 z - a wand of paralysis (9)
 F - a wand of mindburst (15)
 K - a wand of iceblast (7)
 N - a wand of digging (1)
Scrolls
 e - a scroll of immolation {unknown}
 f - 3 scrolls of magic mapping
 g - 2 scrolls of enchant armour {unknown}
 j - 4 scrolls of teleportation {unknown}
 l - 9 scrolls of identify {unknown}
 m - 2 scrolls of noise {unknown}
 q - 2 scrolls of fear {unknown}
 y - 2 scrolls of amnesia {unknown}
 E - a scroll of silence {unknown}
Potions
 i - 5 potions of curing {unknown}
 p - 2 potions of degeneration {unknown}
 w - 2 potions of haste {unknown}
 x - a potion of might {unknown}
 A - 3 potions of lignification {unknown}
 B - a potion of berserk rage {unknown}
 I - a potion of brilliance {unknown}
 J - a potion of magic {unknown}
 M - a potion of invisibility {unknown}


   Skills:
 - Level 2.0 Fighting
 - Level 4.0 Short Blades
 - Level 2.0 Polearms
 - Level 2.0 Dodging
 - Level 6.0 Stealth
 + Level 4.5 Spellcasting
 + Level 10.2 Transmutations
 - Level 10.0 Earth Magic
 - Level 6.0 Invocations


You had 12 spell levels left.
You knew the following spells:

 Your Spells              Type           Power      Damage    Failure   Level
a - Sandblast             Erth           98%        2d20      1%          1
p - Petrify               Tmut/Erth      49%        N/A       1%          4
w - Passwall              Tmut/Erth      40%        N/A       1%          2

Your spell library contained the following spells:

 Spells                   Type           Power      Damage    Failure   Level
 Stone Arrow              Conj/Erth      54%        3d10      1%          3
 Fireball                 Conj/Fire      2%         3d4       71%         5
 Iskenderun's Battlesphe  Conj           5%         2d6       71%         5
 Conjure Ball Lightning   Conj/Air       2%         3x3d6     99%         6
 Orb of Destruction       Conj           2%         9d5       100%        7
 Borgnjor's Revivificati  Necr           2%         N/A       100%        8
 Necromutation            Tmut/Necr      13%        N/A       100%        8
 Death's Door             Necr           2%         N/A       100%        9


Dungeon Overview and Level Annotations

Branches:
Dungeon (10/15)            Temple (1/1) D:5            Lair (0/6) D:9
 Bailey (visited)
    Orc: D:9-12

Altars:
Ashenzari
Cheibriados
Dithmenos
Elyvilon
Fedhas
Gozag
Hepliaklqana
Kikubaaqudgha
Makhleb
Nemelex Xobeh
Okawaru
Qazlal
Ru
Sif Muna
Trog
Uskayaw
Vehumet
Wu Jian
Xom
Yredelemnul
Zin
The Shining One

Annotations:
D:5 3 runed translucent doors, exclusion: 2 ogres, mememasterpepo's ghost, amateur DgFi
D:8 Harold
D:9 2 transporters, exclusion: manticore, FLACIDUS's ghost, journeyman DsEE


Innate Abilities, Weirdness & Mutations

You cannot wear most types of armour.
You are amphibious.
You can wear up to eight rings at the same time.
Your skin changes colour to match your surroundings (Stealth+).
Your rubbery body absorbs attacks. (AC +1, EV +1)
((You are camouflaged when in or above water. (Stealth+)))
You have tentacles for arms and can constrict up to eight enemies at once.


Message History

Unknown command.
Aiming: Paralyse
Press: ? - help, Shift-Dir - straight line, f - two-headed ogre
Aim: a two-headed ogre, wielding two +0 giant clubs (chance to affect: 31%)
Okay, then.
Unknown command.
Unknown command.
Press: ? - help, v - describe, . - travel
Here: a two-headed ogre, wielding two +0 giant clubs The floor.
Unknown command.
Unknown command.
Unknown command.
Aiming: Paralyse
Press: ? - help, Shift-Dir - straight line, f - two-headed ogre
Aim: a two-headed ogre, wielding two +0 giant clubs (chance to affect: 31%)
The two-headed ogre easily resists.
The two-headed ogre hits you with a +0 giant club!!
* * * LOW HITPOINT WARNING * * *
The two-headed ogre misses you.
Aiming: Paralyse
Press: ? - help, Shift-Dir - straight line, f/p - two-headed ogre
Aim: a two-headed ogre, wielding two +0 giant clubs (chance to affect: 31%)
Okay, then.
Unknown command.
Unknown command.
Unknown command.
Unknown command.
Aiming: Charm
Press: ? - help, Shift-Dir - straight line, f/p - two-headed ogre
Aim: a two-headed ogre, wielding two +0 giant clubs (chance to affect: 31%)
Okay, then.
Unknown command.
Unknown command.
Aiming: Paralyse
Press: ? - help, Shift-Dir - straight line, f/p - two-headed ogre
Aim: a two-headed ogre, wielding two +0 giant clubs (chance to affect: 31%)
The two-headed ogre easily resists.
The two-headed ogre hits you with a +0 giant club!!
You die...

#. # #. #.##. ..#
...
.#...#......#.####
.#.........!.....#
.#.#.#...#.#####†#
O#.K.
.........#.#######
...T
.........O@......#
.#.#
#.##.###.#########
.#)# #†# #.# ..§#
#.# #.#
D######.######.#
)..)...........#
.######.########
## ###


You could see a two-headed ogre.

Vanquished Creatures
  A two-headed ogre (D:9)
  A deep elf pyromancer (D:7)
  An orc knight (Bailey)
  Maurice (D:9)
  A centaur zombie (D:10)
  A shadow (D:10)
  A wyvern (D:10)
  Grum (D:9)
  A steam dragon (D:10)
  A cane toad zombie (D:9)
  A water moccasin (D:8)
  Duvessa (D:6)
  3 ice beasts
  A sky beast (D:5)
  14 orc warriors
  3 necrophages
  2 ogres
  3 wolves
  4 centaurs
  A phantom (D:4)
  4 kobold brigands
  3 scorpions
  A gnoll sergeant (D:8)
  Dowan (D:6)
  A wyvern skeleton (D:6)
  A bullfrog zombie (D:6)
  A bullfrog skeleton (D:6)
  3 hounds
  A jelly (D:5)
  4 orc priests
  2 gnoll shamans
  A centaur skeleton (D:6)
  3 iguanas
  8 orc wizards
  Natasha (thrice) (D:3)
  2 howler monkey zombies
  15 gnolls
  7 adders
  A shadow imp (D:8)
  An adder skeleton (D:4)
  4 worms
  44 orcs
  7 endoplasms
  6 giant cockroaches
  8 goblins
  5 hobgoblins
  10 jackals
  5 quokkas
  4 ball pythons
  3 bats (D:1)
  3 frilled lizards
  41 kobolds
  3 rats (D:1)
249 creatures vanquished.

Vanquished Creatures (others)
  A kobold (D:10)
  37 plants
38 creatures vanquished.

Grand Total: 287 creatures vanquished

Notes
Turn   | Place    | Note
-------+----------+-------------------------------------------
     0 | D:1      | erker the Octopode Earth Elementalist began the quest for
                  | the Orb.
     0 | D:1      | Reached XP level 1. HP: 11/11 MP: 3/3
   451 | D:1      | Reached XP level 2. HP: 10/17 MP: 5/5
  1093 | D:1      | Reached XP level 3. HP: 21/21 MP: 6/6
  1254 | D:1      | Reached skill level 1 in Short Blades
  1763 | D:2      | Reached XP level 4. HP: 23/27 MP: 5/7
  1773 | D:2      | Learned a level 4 spell: Petrify
  2546 | D:2      | Found a faded altar of an unknown god.
  2668 | D:3      | Identified the +10 spear "Zeoxacveg" {vorpal, rPois rF+}
  2750 | D:3      | Noticed Natasha
  2761 | D:3      | Learned a level 2 spell: Passwall
  2786 | D:3      | Killed Natasha
  2787 | D:3      | Reached XP level 5. HP: 31/31 MP: 5/8
  2890 | D:3      | Noticed Natasha
  2895 | D:3      | Killed Natasha
  3007 | D:3      | Noticed Natasha
  3010 | D:3      | Killed Natasha
  3616 | D:4      | Reached XP level 6. HP: 36/36 MP: 9/9
  3637 | D:4      | Reached skill level 1 in Polearms
  4048 | D:4      | Noticed a necrophage
  4075 | D:4      | Killed a necrophage
  4076 | D:4      | Reached skill level 5 in Earth Magic
  4076 | D:4      | Reached XP level 7. HP: 35/41 MP: 7/10
  4604 | D:5      | Entered Level 5 of the Dungeon
  5208 | D:5      | Noticed a kobold demonologist
  5209 | D:5      | Noticed mememasterpepo's ghost (amateur DgFi)
  5211 | D:5      | Found a runed translucent gate.
  5215 | D:5      | Found a runed translucent gate.
  5215 | D:5      | Found a runed translucent gate.
  5388 | D:5      | Found a staircase to the Ecumenical Temple.
  5396 | Temple   | Entered the Ecumenical Temple
  5622 | D:5      | Reached skill level 5 in Transmutations
  5998 | D:5      | Reached XP level 8. HP: 46/46 MP: 9/11
  8195 | D:6      | Found a hide-covered altar of Uskayaw.
  8410 | D:6      | Reached XP level 9. HP: 51/51 MP: 12/12
  8891 | D:6      | Found a shimmering altar of Xom.
  8891 | D:6      | Noticed Duvessa
  8902 | D:6      | Found an opulent altar of Gozag.
  9219 | D:6      | Found a burning altar of Makhleb.
  9242 | D:6      | Noticed Dowan
  9265 | D:6      | Killed Duvessa
  9542 | D:6      | Killed Dowan
  9691 | D:7      | Found a glowing silver altar of Zin.
  9746 | D:7      | Found a stormy altar of Qazlal.
  9758 | D:7      | Found a hazy altar of Hepliaklqana.
  9879 | D:7      | Noticed a deep elf pyromancer
  9948 | D:7      | Killed a deep elf pyromancer
  9949 | D:7      | Reached skill level 5 in Stealth
 10678 | D:7      | Found a shimmering blue altar of Sif Muna.
 10690 | D:7      | Became a worshipper of Sif Muna the Loreminder
 10818 | D:8      | Found a flagged portal.
 10851 | Bailey   | Entered a bailey
 10918 | Bailey   | Reached XP level 10. HP: 46/56 MP: 11/16
 11050 | Bailey   | Reached skill level 10 in Transmutations
 11050 | Bailey   | Reached skill level 1 in Invocations
 11230 | Bailey   | Identified the +6 plate armour of the Lair of Beasts {rN++}
 11230 | Bailey   | Noticed an orc knight
 11371 | Bailey   | Reached * piety under Sif Muna
 11531 | Bailey   | Killed an orc knight
 11939 | D:8      | Noticed Harold
 12154 | D:8      | Found a bloodstained altar of Trog.
 12795 | D:9      | Noticed a two-headed ogre
 12820 | D:9      | Killed a two-headed ogre
 12821 | D:9      | Reached skill level 5 in Invocations
 12827 | D:9      | Noticed a gargoyle
 12925 | D:9      | Noticed Grum
 13559 | D:9      | Found a staircase to the Lair.
 13663 | D:9      | Found a transporter.
 13785 | D:9      | Noticed Maurice
 13803 | D:9      | Killed Maurice
 13803 | D:9      | Reached ** piety under Sif Muna
 13813 | D:9      | Noticed a manticore
 13861 | D:9      | Noticed FLACIDUS's ghost (journeyman DsEE)
 13862 | D:9      | Found a transporter.
 13915 | D:9      | Killed Grum
 13971 | D:9      | Reached XP level 11. HP: 50/61 MP: 11/17
 14141 | D:9      | Reached skill level 10 in Earth Magic
 14589 | D:10     | Entered Level 10 of the Dungeon
 14646 | D:10     | Reached skill level 1 in Fighting
 14849 | D:10     | Noticed a two-headed ogre
 14897 | D:10     | Demolished by a two-headed ogre

Illustrated notes

Levels and vault maps discovered:
D:1:      dpeg_arrival_houses_and_road, layout_loops_ring
D:2:      layout_loops_corners, shapermc_ecumenical_altar_mp_highgroup
D:3:      layout_basic, uniq_natasha
D:4:      kennysheep_kobold_camp, layout_basic
D:5:      layout_cave_pods, minmay_temple_entry_fiery, gammafunk_ghost_split,
          corexii_leaking_fountain
D:6:      layout_basic, grunt_temple_overflow_champion_of_chaos,
          lemuel_crystal_altar, mainiacjoe_overflow_six_doors_small,
          lightli_orcish_oven, uniq_duvessa
D:7:      layout_rooms, mainiacjoe_overflow_small_starburst,
          nicolae_qazlal_general_emergency, tgw_sif,
          mainiacjoe_overflow_alcove_1, guppyfry_early_elven_hall
D:8:      layout_basic, mainiacjoe_overflow_cross_hatched, enter_bailey_2,
          amcnicky_mini_rare_corridor_liquid, uniq_harold
D:9:      layout_loops_ring, david_lair_shrubbed, gammafunk_ghost_stat_death,
          minmay_orc_keep, uniq_maurice, uniq_grum
D:10:     layout_basic
Temple:   dshaligram_water_room_temple

Skill      XL: |  1  2  3  4  5  6  7  8  9 10 11 |
---------------+----------------------------------+-----
Stealth        | 3 4 6 |  6.0
Short Blades   | 1 2 4 |  4.0
Earth Magic    | 4 5 6 8 9 10 | 10.0
Transmutations | 2 4 5 7 9 10 | 10.2
Polearms       | 2 |  2.0
Spellcasting   | 4 |  4.5
Invocations    | 6 |  6.0
Fighting       | 2 |  2.0
Dodging        | |  2.0

Action                   |  1- 3 |  4- 6 |  7- 9 | 10-12 || total
-------------------------+-------+-------+-------+-------++-------
Melee: Unarmed           |    33 |       |       |       ||    33
       Constrict         |    16 |    11 |    31 |    25 ||    83
       Tentacles         |    12 |     9 |    44 |    31 ||    96
       Punch             |     3 |     1 |     8 |       ||    12
       Short sword       |     7 |       |       |       ||     7
       Dagger            |    25 |    18 |    61 |    62 ||   166
       Spear             |       |    58 |   163 |    63 ||   284
Throw: Dart              |     1 |       |     7 |    19 ||    27
 Cast: Sandblast         |    15 |     7 |    51 |    44 ||   117
       Passwall          |       |     2 |     7 |    13 ||    22
       Petrify           |       |       |    35 |    32 ||    67
Invok: Channel Magic     |       |       |       |     1 ||     1
Evoke: Wand              |       |       |       |     2 ||     2
  Use: Scroll            |       |       |     2 |       ||     2
 Stab: Sleeping          |    13 |    21 |     3 |     6 ||    43
       Petrified         |       |       |    55 |    66 ||   121
       Petrifying        |       |       |     4 |     2 ||     6
       Distracted        |       |       |     2 |       ||     2
Armor: Skin              |     8 |     3 |     7 |     3 ||    21
Dodge: Dodged            |    41 |    24 |    71 |    36 ||   172
